 Dungeon Crawl Stone Soup version 0.29-a0-668-g12ee2bf84d (webtiles) character file.

Game seed: 10402159102570840841

322 IdlyInterested the Cudgeller (level 6, -2/47 HPs)
             Began as a Demonspawn Fighter on June 21, 2022.
             Slain by a fire bat (3 damage)
             ... on level 4 of the Dungeon on June 23, 2022.
             The game lasted 00:14:07 (4955 turns).

IdlyInterested the Cudgeller (Demonspawn Fighter)   Turns: 4955, Time: 00:14:08

Health: -2/47      AC: 13    Str: 17    XL:     6   Next: 22%
Magic:  6/6        EV: 11    Int: 11    God:
Gold:   133        SH:  4    Dex: 12    Spells: 5/5 levels left

rFire   + + .      SeeInvis +   a - +0 flail
rCold   + + +      Faith    .   c - +0 buckler
rNeg    . . .      Spirit   .   m - +1 ring mail "Duteok" {rPois rF+ rC+ Will+}
rPois   +          Reflect  .   o - +0 helmet
rElec   +          Harm     .   k - +0 cloak
rCorr   +          Rampage  .   n - +0 pair of gloves
Will    +....                   (no boots)
Stlth   +.........              (no amulet)
HPRegen 0.15/turn               g - ring of protection from cold
MPRegen 0.10/turn               q - ring of see invisible

@: resistant
A: hooves 1, thin metallic scales 2, powered by pain 1, demonic magic 1
a: no special abilities


You were on level 4 of the Dungeon.
You visited 1 branch of the dungeon, and saw 4 of its levels.
You also visited: Ossuary.

You collected 276 gold pieces.
You spent 143 gold pieces at shops.

Inventory:

Hand Weapons
 a - a +0 flail (weapon)
Missiles
 e - 34 stones
 p - 18 poisoned darts (quivered)
Armour
 c - a +0 buckler (worn)
 k - a +0 cloak (worn)
 m - the +1 ring mail "Duteok" (worn) {rPois rF+ rC+ Will+}
   (You found it on level 3 of the Dungeon)

   rF:        It protects you from fire.
   rC:        It protects you from cold.
   rPois:     It protects you from poison.
   Will:      It increases your willpower.
 n - a +0 pair of gloves (worn)
 o - a +0 helmet (worn)
 t - the +0 scale mail "Ygieluw" {rElec Dex+2 Stlth-}
   (You found it on level 3 of the Dungeon)

   Dex:       It affects your dexterity (+2).
   rElec:     It insulates you from electricity.
   Stlth:     It makes you less stealthy.
Jewellery
 g - a ring of protection from cold (left hand)
 q - a ring of see invisible (right hand)
Scrolls
 j - 6 scrolls of identify
 u - 2 scrolls of amnesia
Potions
 b - a potion of heal wounds
 d - a potion of might
 f - 3 potions of brilliance
 h - 2 potions of attraction
 i - a potion of cancellation
 l - 6 potions of curing
 r - a potion of berserk rage
 s - 4 potions of mutation
 v - a potion of flight
 w - a potion of haste
 x - 2 potions of lignification {unknown}


   Skills:
 - Level 3.0 Fighting
 * Level 5.1 Maces & Flails
 - Level 3.0 Armour
 + Level 2.7 Dodging
 - Level 2.6 Shields


You had 5 spell levels left.
You didn't know any spells.
Your spell library contained the following spells:

 Spells                   Type           Power      Damage    Failure   Level
 Ensorcelled Hibernation  Hex/Ice        0%         N/A       77%         2
 Confusing Touch          Hex            0%         N/A       94%         3
 Spider Form              Tmut/Pois      0%         N/A       94%         3
 Anguish                  Hex/Necr       0%         N/A       100%        4
 Yara's Violent Unravell  Hex/Tmut       0%         3d3       100%        5
 Enfeeble                 Hex            0%         N/A       100%        7


Dungeon Overview and Level Annotations

Branches:
Dungeon (4/15)            Ossuary (visited)
 Temple: D:4-7

Altars:
Gozag
Kikubaaqudgha
Sif Muna
The Shining One

Shops:
D:3 !=[

Annotations:
D:4 1 transporter


Innate Abilities, Weirdness & Mutations

You have large cloven feet.
You are mostly covered in thin metallic scales. (AC +3)
You sometimes gain a little power by taking damage.
Spells you cast may paralyse adjacent enemies.


Message History

The fire bat bites you but does no damage.
The fire bat bites you.
You are engulfed in flames.
You resist.
You see here a dark potion.
The fire bat bites you but does no damage.
The fire bat misses you.
You see here 11 gold pieces.
The fire bat closely misses you. The fire bat bites you.
You are engulfed in flames.
You resist.
You see here a dark potion.
x - a dark potion The fire bat barely misses you.
The fire bat bites you.
* * * LOW HITPOINT WARNING * * *
You are engulfed in flames.
You resist.
* * * LOW HITPOINT WARNING * * *
The fire bat bites you but does no damage.
You block the fire bat's attack. The fire bat bites you.
* * * LOW HITPOINT WARNING * * *
You are engulfed in flames.
You resist.
* * * LOW HITPOINT WARNING * * *
You see here 11 gold pieces.
You now have 133 gold pieces (gained 11).
The fire bat closely misses you. The fire bat bites you.
* * * LOW HITPOINT WARNING * * *
You are engulfed in flames.
You resist.
* * * LOW HITPOINT WARNING * * *
You block the fire bat's attack. The fire bat barely misses you.
You see here a dark potion.
x - 2 dark potions (gained 1)
You block the fire bat's attack. x2
You hit the fire bat. Your kick misses the fire bat.
The fire bat is lightly wounded.
The fire bat misses you. The fire bat barely misses you.
The fire bat bites you.
* * * LOW HITPOINT WARNING * * *
You are engulfed in flames.
You resist.
* * * LOW HITPOINT WARNING * * *
You closely miss the fire bat.
The fire bat bites you but does no damage.
The fire bat bites you.
You die...

#..........#.###.#.#.#...#....##
#..........#.......#...........##
#..........#####...#.#..........#
............#######..#...#......'
##..†########○°○○○##............#
#...#°°°°○°#☼○○○☼######.......##
#...#.○○☼○○#°°☼°☼#### ##.....##
#...#.○#.#.°○°.b)#..## ##...##
#..©#○○©...○○☼.@©#©..# ##'##
##..#☼°#.#.○○°.b.#...# #.#
###..#○°○○°°#°°☼☼°##..#####.#####
....>#○°°°°°#°°°○☼##........<...#
#############○°○○°##.#####...##.#
########.# #.....#.# #.#...#
##...##<# ##.#### ##.###.. ###
#.# ###


You could see 2 fire bats.

Vanquished Creatures
  Blork the orc (D:4)
  A jelly (D:4)
  An iguana (D:4)
  A mummy (Ossuary)
  5 adders
  3 worms (D:3)
  4 dart slugs
  An orc (D:4)
  3 spectral bats (Ossuary)
  8 ball pythons
  5 bats
  8 endoplasms
  12 gnoll zombies (Ossuary)
  9 goblins
  7 hobgoblins
  3 quokkas (D:3)
  2 bat simulacra (Ossuary)
  6 frilled lizards
  7 goblin zombies (Ossuary)
  5 hobgoblin zombies (Ossuary)
  9 kobolds
  2 kobold simulacra (Ossuary)
  2 kobold zombies (Ossuary)
  4 orc zombies (Ossuary)
  4 rats
  4 rat simulacra (Ossuary)
  2 spectral goblins (Ossuary)
  5 spectral kobolds (Ossuary)
  4 spectral rats (Ossuary)
128 creatures vanquished.

Vanquished Creatures (others)
  A fungus (D:2)
1 creature vanquished.

Grand Total: 129 creatures vanquished

Notes
Turn   | Place    | Note
-------+----------+-------------------------------------------
     0 | D:1      | IdlyInterested the Demonspawn Fighter began the quest for
                  | the Orb.
     0 | D:1      | Reached XP level 1. HP: 18/18 MP: 1/1
    38 | D:1      | Reached skill level 2 in Maces & Flails
    63 | D:1      | Gained mutation: Spells you cast may paralyse adjacent
                  | enemies. [demonic ancestry]
    63 | D:1      | Reached XP level 2. HP: 19/24 MP: 2/2
   917 | D:2      | Gained mutation: You are partially covered in thin metallic
                  | scales. (AC +2) [demonic ancestry]
   917 | D:2      | Reached XP level 3. HP: 26/29 MP: 3/3
  1278 | D:2      | Reached skill level 3 in Maces & Flails
  1488 | D:2      | Found a faded altar of an unknown god.
  1585 | D:2      | Reached skill level 1 in Dodging
  1714 | D:2      | Upgraded the game from 0.29-a0-653-gd47aff6735 to
                  | 0.29-a0-668-g12ee2bf84d
  1749 | D:3      | Identified the +1 ring mail "Duteok" {rPois rF+ rC+ Will+}
  1918 | D:3      | Gained mutation: You have large cloven feet. [demonic
                  | ancestry]
  1918 | D:3      | Reached XP level 4. HP: 35/35 MP: 4/4
  2293 | D:3      | Found Qeumib's Jewellery Boutique.
  2307 | D:3      | Found Wyso's Armour Shop.
  2340 | D:3      | Identified the +0 scale mail "Ygieluw" {rElec Dex+2 Stlth-}
  2700 | D:3      | Found Huczy's Distillery.
  2778 | D:3      | Found an opulent altar of Gozag.
  2851 | D:3      | Bought a potion of curing for 39 gold pieces
  2851 | D:3      | Bought a potion of curing for 39 gold pieces
  2851 | D:3      | Bought a potion of berserk rage for 65 gold pieces
  2963 | D:4      | Reached skill level 4 in Maces & Flails
  2963 | D:4      | Gained mutation: You sometimes gain a little power by
                  | taking damage. [demonic ancestry]
  2963 | D:4      | Reached XP level 5. HP: 8/41 MP: 5/5
  2968 | D:4      | Found a sand-covered staircase.
  2975 | Ossuary  | Entered an ossuary
  3987 | D:4      | Found a shimmering blue altar of Sif Muna.
  3988 | D:4      | Found an ancient bone altar of Kikubaaqudgha.
  4356 | D:4      | Found a transporter.
  4401 | D:4      | Noticed Blork the orc
  4415 | D:4      | Killed Blork the orc
  4416 | D:4      | Reached skill level 5 in Maces & Flails
  4416 | D:4      | Gained mutation: You are mostly covered in thin metallic
                  | scales. (AC +3) [demonic ancestry]
  4416 | D:4      | Reached XP level 6. HP: 19/47 MP: 6/6
  4732 | D:4      | Found a transporter.
  4750 | D:4      | Noticed a fire bat
  4750 | D:4      | Noticed a fire bat
  4954 | D:4      | HP: 1/47 [fire bat (2)]
  4955 | D:4      | Slain by a fire bat

Illustrated notes

Levels and vault maps discovered:
D:1:      tarquinn_simple_flora_water_d, layout_basic
D:2:      layout_basic, dreamdust_ecumenical_altar_hidden_monk_grotto,
          grunt_ministairs_1
D:3:      layout_basic, gammafunk_temple_overflow_elements, serial_shops,
          nicolae_shop_temple_entry_statues_fountains, shop_fountains,
          shop_statue, columned_hall_lemuel, minmay_surrounded
D:4:      gammafunk_cloud_chamber, layout_loops_corners,
          mainiacjoe_overflow_divided_tiny, nicolae_ossuary_entry_ruins,
          uniq_blork_the_orc

Skill      XL: |  1  2  3  4  5 |
---------------+----------------+-----
Maces & Flails | 2 3 4 5 |  5.1
Armour         | 3 |  3.0
Dodging        | 1 2 |  2.7
Fighting       | |  3.0
Shields        | |  2.6

Action                   |  1- 3 |  4- 6 || total
-------------------------+-------+-------++-------
Melee: Flail             |   126 |   249 ||   375
       Kick              |       |    78 ||    78
Throw: Stone             |       |     7 ||     7
  Use: Scroll            |     8 |     5 ||    13
       Potion            |       |     1 ||     1
Armor: Scale mail        |    70 |       ||    70
       Ring mail         |     3 |   116 ||   119
Dodge: Dodged            |    61 |   107 ||   168
Block: Buckler           |    41 |    47 ||    88

Table legend: (Time is in decaauts)
 A = Elapsed time spent in this place.
 B = Non-inter-level travel time spent in this place.
 C = Inter-level travel time spent in this place.
 D = Time resting spent in this place.
 E = Time spent auto-exploring this place.
 F = Levels seen in this place.
 G = Mean time per level.
                   A        B        C        D        E       F      G
               +--------+--------+--------+--------+--------+-----+--------+
         Total |   5053 |   4809 |    244 |    644 |   2736 |   5 | 1010.6 |
       Dungeon |   4280 |   4036 |    244 |    310 |   2725 |   4 | 1070.0 |
       Ossuary |    772 |    772 |      0 |    334 |     11 |   1 |  772.0 |
               +--------+--------+--------+--------+--------+-----+--------+

Top non-repeatable levels by time:
     D:4: 1338 daAuts
     D:3: 1170 daAuts
     D:2: 919 daAuts
     D:1: 852 daAuts
 Ossuary: 772 daAuts
